 Dungeon Crawl Stone Soup version 0.20.1-1-g8b1a95d (webtiles) character file.

6988 Monsterracer the Grappler (level 10, -5/75 HPs)
             Began as a Grey Draconian Transmuter on Oct 16, 2017.
             Was an Elder of Okawaru.
             Killed by divine providence
             ... invoked by an orc priest
              (12 damage)
             ... on level 9 of the Dungeon.
             The game lasted 00:19:21 (11777 turns).

Monsterracer the Grappler (DrTm)                   Turns: 11777, Time: 00:19:22

Health: -5/75      AC: 18    Str: 13    XL:     10   Next: 81%
Magic:  9/14       EV: 13    Int: 17    God:    Okawaru [****..]
Gold:   459        SH:  0    Dex:  9    Spells: 0/13 levels left

rFire    . . .     SeeInvis .     - Unarmed
rCold    . . .     Gourm    .   (shield currently unavailable)
rNeg     + . .     Faith    .   (armour unavailable)
rPois    .         Spirit   .   (helmet restricted)
rElec    .         Reflect  .   b - +2 cloak
rCorr    .         Harm     .   (gloves currently unavailable)
MR       .....                  (no boots)
Stlth    +.........             (no amulet)
Regen    0.3/turn               q - +3 ring of protection
MPRegen  0.2/turn               e - ring of positive energy

@: about to teleport, blade hands
A: walk through water, unfitting armour, fangs 1, hooves 1, horns 1, blurry
vision 1, clumsy 1, frail 1, high mp 1, screaming 1, unbreathing, evolution 1,
cold-blooded, AC +12
a: End Transformation, Heroism, Renounce Religion


You were on level 9 of the Dungeon.
You worshipped Okawaru.
Okawaru was greatly pleased with you.
You were hungry.
You had blades for hands.
You visited 1 branch of the dungeon, and saw 9 of its levels.

You collected 459 gold pieces.

Inventory:

Missiles
 a - 211 arrows
 o - 2 throwing nets (quivered)
Armour
 b - a +2 cloak (worn)
 w - a +0 buckler
Jewellery
 e - a ring of positive energy (right scythe-like blade)
 q - a +3 ring of protection (left scythe-like blade)
Wands
 z - a wand of iceblast (9/15)
Scrolls
 f - 2 scrolls of teleportation
 h - 11 scrolls of identify
 j - a scroll of magic mapping
 k - 2 scrolls of recharging
 l - 7 scrolls of remove curse
 y - a scroll of fog
Potions
 d - a potion of lignification
 i - a potion of berserk rage
 n - a potion of resistance
 r - a potion of cancellation
 s - 2 potions of curing
 t - a potion of invisibility
 u - 5 potions of heal wounds
 v - a potion of agility
 x - a potion of magic {unknown}
Books
 p - a book of Minor Magic

   Spells                             Type                      Level
   a - Magic Dart                     Conjuration                  1
   b - Blink                          Translocation                2
   c - Call Imp                       Summoning                    2
   d - Slow                           Hexes                        2
   e - Conjure Flame                  Conjuration/Fire             3
   f - Mephitic Cloud                 Conjuration/Poison/Air       3
 B - a book of Clouds

   Spells                             Type                      Level
   a - Poisonous Vapours              Poison/Air                   2
   b - Mephitic Cloud                 Conjuration/Poison/Air       3
   c - Conjure Flame                  Conjuration/Fire             3
   d - Freezing Cloud                 Conjuration/Ice/Air          6
   e - Ring of Flames                 Charms/Fire                  7
Comestibles
 c - 12 bread rations
 g - a fruit
 m - a chunk of flesh
 A - 2 meat rations


   Skills:
 + Level 6.3 Fighting
 + Level 4.7 Dodging
 * Level 10.5 Unarmed Combat
 - Level 2.0 Spellcasting
 * Level 2.3 Translocations
 + Level 10.2 Transmutations
 + Level 3.7 Invocations


You couldn't memorise any spells.
You knew the following spells:

 Your Spells              Type           Power        Failure   Level  Hunger
a - Ice Form              Ice/Tmut       ###.....     67%         4    #####..
b - Sticks to Snakes      Tmut           #####...     11%         2    ###....
d - Blade Hands           Tmut           #####.....   43%         5    ######.
e - Blink                 Tloc           N/A          47%         2    ###....


Dungeon Overview and Level Annotations

Branches:
Dungeon (9/15)             Temple (0/1) D:7
   Lair: D:8-11         Orc: D:9-12

Altars:
Elyvilon
Hepliaklqana
Nemelex Xobeh
Okawaru
Qazlal
Ru
Trog
Uskayaw
Vehumet
Zin
The Shining One

Shops:
D:9 %


Innate Abilities, Weirdness & Mutations

You can walk through water.
Your dull iron-grey scales are very hard. (AC +12)
You cannot fit into any form of body armour.
You can survive without breathing.
You are cold-blooded and may be slowed by cold attacks.
You have very sharp teeth.
You have large cloven feet.
You have a pair of small horns on your head.
Scrolls take you a little longer to read.
You are clumsy. (Dex -2)
You are frail. (-10% HP)
You have an increased reservoir of magic. (+10% MP)
You occasionally shout uncontrollably at your foes.
You evolve.


Message History

* * * LOW HITPOINT WARNING * * *
You hear an angry buzzing noise. x2
Huge Dmg: -30%(-22hp) hp: 44%(33hp)
Casting: Blade Hands
Confirm with . or Enter, or press ? or * to list all spells.
Your hands turn into razor-sharp scythe blades.
The killer bee closely misses you.
The orc priest mumbles some strange prayers to Beogh against you.
Beogh smites you!
* * * LOW HITPOINT WARNING * * *
The killer bee stings you but does no damage.
A killer bee comes into view.
The killer bee buzzes angrily. x2
Huge Dmg: -20%(-15hp) hp: 24%(18hp) Really read with blurry vision while enemies are nearby?
The killer bee stings you but does no damage.
You begin reading the scroll.
You continue reading the scroll.
The killer bee barely misses you. x2
As you read the scroll of teleportation, it crumbles to dust.
You feel strangely unstable.
The killer bee stings you but does no damage.
The orc priest calls down the wrath of Beogh upon you.
Beogh smites you!
* * * LOW HITPOINT WARNING * * *
Huge Dmg: -16%(-12hp) hp: 8%(6hp)
The killer bee misses you.
The killer bee stings you but does no damage.
The orc priest calls down the wrath of Beogh upon you.
Beogh smites you!
You die...

#..#
....
#..#
..
#.##
##.#
#..#
#..#
#.##
#.#
##@#
#.y#
#.o#
#.##
##o#
#yo#
#yO#
#yy#
#y.#


You could see an ogre, 5 killer bees, an orc priest and 2 orcs.

Vanquished Creatures
  A two-headed ogre (D:9)
  The ghost of Atash the Cleaver, a novice MiBe of Trog (D:6)
  An ugly thing (D:8)
  A gargoyle (D:8)
  A hungry ghost (D:8)
  A water moccasin (D:4)
  An orc warrior (D:6)
  An ice beast (D:6)
  6 sky beasts
  A black bear (D:6)
  A necrophage (D:9)
  4 ogres
  An eye of draining (D:8)
  A phantom (D:8)
  5 centaurs
  A crocodile (D:9)
  2 big kobolds
  4 bullfrogs
  A gnoll sergeant (D:6)
  A water moccasin skeleton (D:4)
  3 scorpions
  4 killer bees
  8 howler monkeys
  5 crimson imps
  Crazy Yiuf (D:7)
  3 jellies
  12 orc wizards
  2 gnoll shamans
  8 orc priests
  5 hounds
  5 iguanas
  A bullfrog skeleton (D:5)
  7 worker ants
  A killer bee zombie (D:6)
  A hound zombie (D:5)
  2 hound skeletons
  A howler monkey zombie (D:8)
  29 gnolls
  10 adders
  A howler monkey skeleton (D:9)
  3 shadow imps
  2 oozes
  2 adder skeletons
  A worm (D:2)
  2 dart slugs
  12 leopard geckos
  32 orcs
  8 giant cockroaches
  9 goblins
  6 hobgoblins
  5 jackals
  23 kobolds
  4 quokkas
  2 ball pythons
  8 bats
  3 frilled lizards
  A giant cockroach zombie (D:5)
  A jackal skeleton (D:7)
  A leopard gecko skeleton (D:5)
  A quokka skeleton (D:8)
  8 rats
279 creatures vanquished.

Vanquished Creatures (others)
  A quokka zombie (D:8)
1 creature vanquished.

Grand Total: 280 creatures vanquished

Notes
Turn   | Place    | Note
-------+----------+-------------------------------------------
     0 | D:1      | Monsterracer the Draconian Transmuter began the quest for the Orb.
     0 | D:1      | Reached XP level 1. HP: 16/16 MP: 3/3
   216 | D:1      | HP: 8/16 [leopard gecko (2)]
   224 | D:1      | HP: 8/16 [kobold (1)]
   228 | D:1      | Reached XP level 2. HP: 10/23 MP: 5/5
   302 | D:1      | Learned a level 2 spell: Sticks to Snakes
  1047 | D:1      | Reached XP level 3. HP: 27/28 MP: 2/6
  1060 | D:1      | Learned a level 3 spell: Spider Form
  1378 | D:2      | Reached XP level 4. HP: 26/35 MP: 7/7
  1990 | D:2      | Reached XP level 5. HP: 39/40 MP: 2/8
  2419 | D:3      | HP: 20/40 [poisoned by an adder]
  2424 | D:3      | HP: 18/40 [poisoned by an adder]
  2431 | D:3      | HP: 16/40 [poisoned by an adder]
  2438 | D:3      | HP: 15/40 [poisoned by an adder]
  2446 | D:3      | HP: 14/40 [poisoned by an adder]
  2800 | D:3      | HP: 20/40 [gnoll shaman/club (5)]
  2812 | D:3      | HP: 17/40 [gnoll/club (3)]
  2817 | D:3      | HP: 14/40 [gnoll/club (2)]
  2825 | D:4      | HP: 13/40 [gnoll/club (2)]
  2830 | D:4      | HP: 11/40 [hound (2)]
  2834 | D:4      | Reached skill level 5 in Unarmed Combat
  2835 | D:4      | HP: 6/40 [scorpion (6)]
  2837 | D:4      | Reached XP level 6. HP: 9/47 MP: 3/9
  2841 | D:4      | HP: 7/70 [poisoned by a scorpion]
  2846 | D:4      | HP: 3/47 [poisoned by a scorpion]
  2853 | D:4      | HP: 2/47 [poisoned by a scorpion]
  2858 | D:4      | HP: 1/47 [poisoned by a scorpion]
  3177 | D:4      | Reached skill level 5 in Transmutations
  3358 | D:4      | Found a white marble altar of Elyvilon.
  3363 | D:4      | Found a hide-covered altar of Uskayaw.
  3379 | D:4      | Found a radiant altar of Vehumet.
  3780 | D:4      | Your scales start taking on a dull iron-grey colour.
  3780 | D:4      | Reached XP level 7. HP: 31/52 MP: 6/10
  3780 | D:4      | Gained mutation: You can survive without breathing. [Grey Draconian growth]
  3936 | D:4      | Found a sparkling altar of Nemelex Xobeh.
  4132 | D:5      | Entered Level 5 of the Dungeon
  4142 | D:5      | HP: 22/52 [orc wizard/magic dart (6)]
  4149 | D:4      | HP: 19/52 [orc wizard/dagger (3)]
  4386 | D:5      | HP: 25/52 [poisoned by an orc wizard]
  4388 | D:5      | Gained mutation: You have a pair of small horns on your head. [potion of mutation]
  4388 | D:5      | Gained mutation: You are frail. (-10% HP) [potion of mutation]
  4388 | D:5      | Gained mutation: You are clumsy. (Dex -2) [potion of mutation]
  4388 | D:5      | Gained mutation: You have large cloven feet. [potion of mutation]
  4396 | D:5      | HP: 23/46 [poisoned by an orc wizard]
  4401 | D:5      | HP: 18/46 [poisoned by an orc wizard]
  4406 | D:5      | HP: 14/46 [poisoned by an orc wizard]
  4411 | D:5      | HP: 11/46 [poisoned by an orc wizard]
  4418 | D:5      | HP: 9/46 [poisoned by an orc wizard]
  4425 | D:5      | HP: 9/46 [poisoned by an orc wizard]
  4433 | D:5      | HP: 8/46 [poisoned by an orc wizard]
  4624 | D:5      | HP: 23/46 [orc priest/divine providence (12)]
  4624 | D:5      | HP: 9/46 [orc priest/divine providence (14)]
  4625 | D:5      | Found a bloodstained altar of Trog.
  4673 | D:4      | Learned a level 5 spell: Blade Hands
  4899 | D:5      | HP: 21/46 [orc/whip (3)]
  4918 | D:5      | HP: 18/46 [quokka (1)]
  5084 | D:5      | HP: 22/46 [orc wizard/magic dart (6)]
  5092 | D:5      | HP: 17/47 [orc/hand axe (3)]
  5541 | D:5      | Reached XP level 8. HP: 50/54 MP: 7/11
  5560 | D:5      | Gained mutation: You passively map a small area around you. [mutagenic meat]
  5562 | D:5      | Gained mutation: You occasionally shout uncontrollably at your foes. [mutagenic meat]
  5564 | D:5      | Lost mutation: You passively map a small area around you. [mutagenic meat]
  5692 | D:4      | HP: 25/54 [something (6)]
  5702 | D:4      | Gained mutation: You have an increased reservoir of magic. (+10% MP) [mutagenic meat]
  5704 | D:4      | Gained mutation: You are dopey. (Int -2) [mutagenic meat]
  6030 | D:5      | Found an iron altar of Okawaru.
  6047 | D:5      | Became a worshipper of Warmaster Okawaru
  6081 | D:5      | HP: 19/55 [iguana (11)]
  6083 | D:5      | HP: 8/55 [iguana (10)]
  6092 | D:5      | HP: 4/55 [iguana (5)]
  6123 | D:3      | HP: 9/55 [gnoll/club (1)]
  6142 | D:3      | HP: 8/55 [gnoll (4)]
  6546 | D:3      | Found a glowing silver altar of Zin.
  6546 | D:3      | Found a glowing golden altar of the Shining One.
  6553 | D:3      | Found a sacrificial altar of Ru.
  6555 | D:3      | Found a bloodstained altar of Trog.
  6556 | D:3      | Found a hazy altar of Hepliaklqana.
  6800 | D:5      | Lost mutation: You have large cloven feet. [mutagenic meat]
  6802 | D:5      | Gained mutation: Your body sometimes deteriorates upon taking damage. [mutagenic meat]
  6853 | D:5      | HP: 24/56 [centaur/arrow (9)]
  7037 | D:5      | Reached * piety under Okawaru
  7618 | D:6      | Reached XP level 9. HP: 46/63 MP: 7/13
  7894 | D:6      | Reached ** piety under Okawaru
  8184 | D:6      | Noticed Atash's ghost (novice MiBe)
  8194 | D:6      | HP: 29/64 [Atash's ghost (15)]
  8198 | D:6      | Killed Atash's ghost
  8466 | D:6      | Reached skill level 5 in Fighting
  8937 | D:7      | Found a staircase to the Ecumenical Temple.
  9301 | D:7      | Learned a level 4 spell: Ice Form
  9512 | D:7      | Found a runed door.
  9747 | D:7      | Noticed Crazy Yiuf
  9754 | D:7      | Killed Crazy Yiuf
  9754 | D:7      | Reached skill level 1 in Invocations
  9916 | D:8      | Noticed a red ugly thing
  9924 | D:8      | Killed a red ugly thing
  9924 | D:8      | Reached *** piety under Okawaru
  9924 | D:8      | Reached XP level 10. HP: 47/72 MP: 8/14
  9934 | D:8      | Gained mutation: You have large cloven feet. [mutagenic meat]
  9939 | D:8      | HP: 34/72 [something (6)]
  9944 | D:8      | Gained mutation: You have very sharp teeth. [mutagenic meat]
  9946 | D:8      | Gained mutation: You evolve. [mutagenic meat]
  9948 | D:8      | Lost mutation: Your body sometimes deteriorates upon taking damage. [mutagenic meat]
  9949 | D:8      | Lost mutation: You are dopey. (Int -2) [mutagenic meat]
  9957 | D:8      | HP: 35/72 [big kobold (3)]
 10199 | D:8      | Learned a level 2 spell: Blink
 10450 | D:8      | Noticed a gargoyle
 10457 | D:8      | Killed a gargoyle
 10457 | D:8      | Reached skill level 10 in Unarmed Combat
 10522 | D:8      | Lost mutation: You have a pair of small horns on your head. [evolution]
 10772 | D:8      | Found a stormy altar of Qazlal.
 10831 | D:7      | Reached skill level 10 in Transmutations
 11069 | D:9      | Reached skill level 1 in Translocations
 11105 | D:9      | Noticed a two-headed ogre
 11112 | D:9      | HP: 21/74 [two-headed ogre/giant club (25)]
 11117 | D:9      | Killed a two-headed ogre
 11117 | D:9      | Reached **** piety under Okawaru
 11127 | D:9      | HP: 19/74 [big kobold (5)]
 11397 | D:9      | Found Edynnal's Food Shop.
 11649 | D:9      | Gained mutation: Scrolls take you a little longer to read. [mutagenic meat]
 11651 | D:9      | Gained mutation: You have a pair of small horns on your head. [mutagenic meat]
 11771 | D:9      | HP: 33/75 [killer bee (6)]
 11775 | D:9      | HP: 6/75 [orc priest/divine providence (12)]
 11777 | D:9      | Killed from afar by an orc priest

Skill      XL: |  1  2  3  4  5  6  7  8  9 10 |
---------------+-------------------------------+-----
Transmutations | 3 4 5 6 8 9 10 | 10.2
Unarmed Combat | 4 5 6 7 8 9 10 | 10.5
Fighting       | 4 5 6 |  6.3
Dodging        | 2 3 4 |  4.7
Invocations    | 2 3 |  3.7
Translocations | 2 |  2.3
Spellcasting   | |  2.0

Action                   |  1- 3 |  4- 6 |  7- 9 | 10-12 || total
-------------------------+-------+-------+-------+-------++-------
Melee: Unarmed           |    84 |   219 |   384 |   215 ||   902
       Kick              |     4 |       |    19 |    30 ||    53
       Tailslap          |     7 |     6 |    24 |    10 ||    47
       Punch             |     1 |     5 |     4 |     7 ||    17
       Headbutt          |     1 |       |    22 |     9 ||    32
       Bite              |       |       |       |    14 ||    14
 Cast: Beastly Appendage |     5 |       |       |       ||     5
       Sticks to Snakes  |     1 |       |       |       ||     1
       Spider Form       |     1 |    13 |    15 |       ||    29
       Blade Hands       |       |       |    11 |    15 ||    26
Invok: Heroism           |       |       |       |     1 ||     1
 Abil: End Transformatio |       |       |     2 |       ||     2
  Use: Potion            |       |     1 |     4 |       ||     5
       Scroll            |       |       |    18 |     2 ||    20
 Stab: Sleeping          |       |       |     1 |       ||     1
  Eat: Chunk             |     2 |     7 |    39 |    25 ||    73
       Meat ration       |       |     1 |       |       ||     1
       Fruit             |       |       |     1 |       ||     1
Armor: Skin              |    29 |    51 |   132 |    91 ||   303
Dodge: Dodged            |    75 |   180 |   303 |   160 ||   718

Vault maps used:
D:1:      tarquinn_simple_flora_water_a
D:3:      chequers_temple_overflow_minitemple
D:4:      overflow_temple_1_default, kennysheep_little_box,
          chequers_temple_overflow_statue_of_worship
D:5:      okawaru_altar_gauntlet_db, basic_altar, first_bread
D:7:      minmay_temple_entry_glass, grunt_ogre_cave, uniq_crazy_yiuf_cottage
D:8:      minmay_distorted_concentric_squares, grunt_qazlal_clouds
D:9:      serial_shops, shop, st_stairs_9, hangedman_glass_teeth, uniq_erica
